 Dungeon Crawl Stone Soup version 0.30-a0-879-ga8ba668304 (webtiles) character file.

Game seed: 7011261231377807123

10 Dvallin the Cudgeller (level 2, 23/23 (26) HPs)
             Began as a Gnoll Reaver on Mar 12, 2023.
             Quit the game on level 1 of the Dungeon on Sept 29, 2023.
             The game lasted 00:01:31 (382 turns).

Dvallin the Cudgeller (Gnoll Reaver)                 Turns: 382, Time: 00:01:31

HP:   23/23 (26)    AC:  3    Str: 11    XL:     2   Next: 20%
MP:   7/7           EV: 12    Int: 12    God:
Gold: 0             SH:  0    Dex: 10    Spells: 9/10 levels left

rFire   . . .      SeeInvis .    a - +0 mace
rCold   . . .      Faith    .    (no shield)
rNeg    . . .      Spirit   .    b - +0 leather armour
rPois   .          Reflect  .    (no helmet)
rElec   .          Rampage  .    (no cloak)
rCorr   .                        (no gloves)
Will    .....                    (no boots)
Stlth   +                        (no amulet)
HPRegen 0.23/turn                (no ring)
MPRegen 0.10/turn                (no ring)

@: heavily drained
A: fangs 1, strong nose, distributed training
a: no special abilities


You were on level 1 of the Dungeon.
You visited 1 branch of the dungeon, and saw 1 of its levels.

Inventory:

Hand Weapons
 a - a +0 mace (weapon)
Armour
 b - a +0 leather armour (worn)
Scrolls
 d - a scroll of identify {unknown}
 e - a scroll of noise {unknown}
Potions
 c - a potion of might {unknown}


   Skills:
 + Level 4.4 Fighting
 + Level 0.3 Short Blades
 + Level 0.3 Long Blades
 + Level 0.3 Axes
 + Level 6.4 Maces & Flails
 + Level 0.3 Polearms
 + Level 0.3 Staves
 + Level 0.3 Ranged Weapons
 + Level 0.3 Throwing
 + Level 0.3 Armour
 + Level 4.4 Dodging
 + Level 0.3 Stealth
 + Level 0.3 Shields
 + Level 0.3 Unarmed Combat
 + Level 4.9 Spellcasting
 + Level 5.3 Conjurations
 + Level 0.2 Hexes
 + Level 0.2 Summonings
 + Level 0.2 Necromancy
 + Level 0.2 Translocations
 + Level 0.2 Transmutations
 + Level 0.2 Fire Magic
 + Level 0.2 Ice Magic
 + Level 0.2 Air Magic
 + Level 0.2 Earth Magic
 + Level 0.2 Poison Magic
 + Level 0.4 Invocations
 + Level 0.3 Evocations


You had 9 spell levels left.
You knew the following spells:

 Your Spells              Type           Power      Damage    Failure   Level
a - Kiss of Death         Conj/Necr      36%        2d8       9%          1

Your spell library contained the following spells:

 Spells                   Type           Power      Damage    Failure   Level
 Momentum Strike          Conj/Tloc      18%        3d8       13%         2
 Hailstorm                Conj/Ice       9%         3d4       26%         3


Dungeon Overview and Level Annotations

Branches:
Dungeon (1/15)

Altars:


Innate Abilities, Weirdness & Mutations

You have very sharp teeth.
Your uncanny sense of smell can sniff out nearby items.
Your experience applies equally to all skills.


Message History

The hobgoblin shouts!
There is an open door here.
Found a mace.
You miss the frilled lizard. Your bite misses the frilled lizard.
The frilled lizard bites you.
You closely miss the hobgoblin.
The frilled lizard bites you but does no damage.
The hobgoblin closely misses you. The hobgoblin hits you.
The frilled lizard bites you.
You hit the hobgoblin but do no damage.
The frilled lizard bites you but does no damage.
The hobgoblin misses you.
You hit the hobgoblin but do no damage. Your bite misses the hobgoblin.
The frilled lizard bites you. The hobgoblin hits you.
You barely miss the hobgoblin. The frilled lizard barely misses you.
The hobgoblin misses you.
You closely miss the hobgoblin.
You bite the hobgoblin, but do no damage.
The frilled lizard bites you but does no damage.
The hobgoblin misses you.
You hit the hobgoblin.
The hobgoblin is moderately wounded.
The frilled lizard bites you. The hobgoblin closely misses you.
You hit the hobgoblin.
The hobgoblin is almost dead.
The frilled lizard bites you. The hobgoblin hits you.
You hit the hobgoblin.
You kill the hobgoblin!
The frilled lizard bites you.
You hit the frilled lizard.
You kill the frilled lizard!
No target in view!
No target in view!
You open the door.
There is an open door here.
Found a stone staircase leading down.
A hobgoblin comes into view.
Welcome back, Dvallin the Gnoll Reaver.
Press ? for a list of commands and other information.
Are you sure you want to abandon this character and quit the game? (Confirm with "yes".)

...##..###.###†#.#
#####....###...#..#
.......#.#.#)###....
######.#......#..####
#.###.#.###.#
#..#......#..
#.###.#.#.#.#######
###.#...###.........g
#...#.###.###@#
#.#...........# ∆
#.#....########
#.#.#### ####...#
......## ....#.#
.##.#.# .##.#.#


You could see a hobgoblin (asleep).

Vanquished Creatures
  A giant cockroach (D:1)
  A goblin (D:1)
  2 hobgoblins (D:1)
  A ball python (D:1)
  3 bats (D:1)
  A frilled lizard (D:1)
  A rat (D:1)
10 creatures vanquished.

Notes
Turn   | Place    | Note
-------+----------+-------------------------------------------
     0 | D:1      | Dvallin the Gnoll Reaver began the quest for the Orb.
     0 | D:1      | Reached XP level 1. HP: 20/20 MP: 6/6
   203 | D:1      | Reached XP level 2. HP: 22/22 MP: 5/7
   382 | D:1      | Quit the game

Illustrated notes

Levels and vault maps discovered:
D:1:      heliophobic_arrival_battle_scene, layout_loops_corners,
          minmay_indecisive_spiral

Action                     || total
---------------------------++-------
  Melee: Mace              ||    22
         Bite              ||     2
         Punch             ||     1
   Cast: Kiss of Death     ||     1
 Armour: Leather armour    ||     3
  Dodge: Dodged            ||    18

Table legend: (Time is in decaauts)
 A = Elapsed time spent in this place.
 B = Non-inter-level travel time spent in this place.
 C = Inter-level travel time spent in this place.
 D = Time resting spent in this place.
 E = Time spent auto-exploring this place.
 F = Levels seen in this place.
 G = Mean time per level.
                   A        B        C        D        E       F      G
               +--------+--------+--------+--------+--------+-----+--------+
         Total |    383 |    383 |      0 |      0 |    273 |   1 |  383.0 |
       Dungeon |    383 |    383 |      0 |      0 |    273 |   1 |  383.0 |
               +--------+--------+--------+--------+--------+-----+--------+

Top non-repeatable levels by time:
     D:1: 383 daAuts
